 Dungeon Crawl Stone Soup version 0.27-a0-887-gcab673c142 (webtiles) character file.

Game seed: 16516776833842985476

70 Alarkh the Insei (level 4, -1/34 HPs)
             Began as a Demonspawn Gladiator on Apr 4, 2021.
             Slain by a gnoll
             ... wielding a +0 spear
              (6 damage)
             ... on level 2 of the Dungeon.
             The game lasted 00:01:50 (1379 turns).

Alarkh the Insei (Demonspawn Gladiator)             Turns: 1379, Time: 00:01:51

Health: -1/34      AC:  4    Str: 14    XL:     4   Next: 3%
Magic:  4/4        EV: 12    Int: 11    God:
Gold:   55         SH:  0    Dex: 14    Spells: 3/3 levels left

rFire    . . .     SeeInvis .     - Unarmed
rCold    . . .     Faith    .   (no shield)
rNeg     . . .     Spirit   .   a - +0 leather armour
rPois    .         Reflect  .   b - +0 helmet
rElec    .         Harm     .   (no cloak)
rCorr    .         Rampage  .   (no gloves)
Will     .....                  (no boots)
Stlth    +.........             (no amulet)
HPRegen  0.11/turn              (no ring)
MPRegen  0.18/turn              (no ring)

@: no status effects
A: talons 1, demonic guardian 1, magic regeneration
a: no special abilities


You were on level 2 of the Dungeon.
You visited 1 branch of the dungeon, and saw 2 of its levels.

You collected 55 gold pieces.

Inventory:

Missiles
 c - 3 throwing nets (quivered)
Armour
 a - a +0 leather armour (worn)
 b - a +0 helmet (worn)
Scrolls
 e - a scroll of silence {unknown}
 f - a scroll of enchant weapon {unknown}
 g - 2 scrolls of identify {unknown}
 i - a scroll of amnesia {unknown}
 j - a scroll of brand weapon {unknown}
 k - a scroll of holy word {unknown}
Potions
 h - a potion of curing {unknown}


   Skills:
 + Level 2.9 Fighting
 - Level 1.7 Throwing
 - Level 2.6 Dodging
 * Level 4.0 Unarmed Combat


You had 3 spell levels left.
You didn't know any spells.
Your spell library was empty.

Dungeon Overview and Level Annotations

Branches:
Dungeon (2/15)

Altars:


Innate Abilities, Weirdness & Mutations

You have sharp toenails.
A weak demonic guardian rushes to your aid.
You regenerate magic rapidly.


Message History

Your quasit barely misses the gnoll.
Your quasit claws the gnoll but does no damage. x2
The gnoll barely misses your quasit.
Your quasit barely misses the gnoll. x2; Your quasit closely misses the gnoll.
The gnoll hits your quasit with a +2 whip of flaming!
The gnoll burns your quasit.
Your quasit barely misses the gnoll. x2
Your quasit claws the gnoll.
The gnoll barely misses your quasit.
Your quasit bites the gnoll but does no damage.
Your quasit claws the gnoll but does no damage.
Your quasit closely misses the gnoll.
Your quasit bites the gnoll.
Your quasit completely misses the gnoll.
Your quasit claws the gnoll but does no damage.
The gnoll hits your quasit with a +2 whip of flaming.
Your quasit dies!
The gnoll shouts!
You feel much better. The gnoll closely misses you.
The gnoll hits you from afar with a +0 spear!
You barely miss the gnoll.
The gnoll is almost dead.
The gnoll hits you with a +2 whip of flaming.
The gnoll burns you.
The gnoll hits you from afar with a +0 spear.
You hit the gnoll.
You kill the gnoll!
The gnoll hits you from afar with a +0 spear.
* * * LOW HITPOINT WARNING * * *
Your Unarmed Combat skill increases to level 4!
You have reached level 4!
You feel clever.
Your demonic ancestry asserts itself...
Your toenails lengthen and sharpen.
The gnoll hits you from afar with a +0 spear.
* * * LOW HITPOINT WARNING * * *
The gnoll misses you.
Items here: ))) †.
You closely miss the gnoll. Your kick misses the gnoll.
Your punch misses the gnoll.
The gnoll hits you from afar with a +0 spear.
You die...

......##......#
#..###.#
....#...)†....#
#....#.#
.#..#.##......#
##.#.#.#
.≈............#
#.#.#.#
≈.....#########
#.....# ≈≈...##
## ###.###
≈≈≈≈≈≈ ##.# #.#
≈≈≈≈≈≈
####.#.#####(#
≈≈.≈≈
#...#.#g@....#
..
.####..#g#######
## ..g.....#g#
.####..#.##
....# ## #####


You could see 2 gnolls.

Vanquished Creatures
  3 gnolls (D:2)
  A worm (D:2)
  A dart slug (D:2)
  3 ball pythons
  3 bats
  3 endoplasms
  A giant cockroach (D:1)
  2 hobgoblins (D:2)
  3 jackals (D:2)
  A frilled lizard (D:1)
  4 goblins
  4 kobolds
  3 rats
32 creatures vanquished.

Vanquished Creatures (collateral kills)
  A gnoll (D:2)
1 creature vanquished.

Grand Total: 33 creatures vanquished

Notes
Turn   | Place    | Note
-------+----------+-------------------------------------------
     0 | D:1      | Alarkh the Demonspawn Gladiator began the quest for the
                  | Orb.
     0 | D:1      | Reached XP level 1. HP: 16/16 MP: 1/1
    54 | D:1      | You fall into a shaft and drop 1 floor!
   115 | D:2      | Reached skill level 3 in Unarmed Combat
   148 | D:2      | Gained mutation: A weak demonic guardian rushes to your
                  | aid. [demonic ancestry]
   148 | D:2      | Reached XP level 2. HP: 10/22 MP: 2/2
  1157 | D:2      | Gained mutation: You regenerate magic rapidly. [demonic
                  | ancestry]
  1157 | D:2      | Reached XP level 3. HP: 28/28 MP: 3/3
  1378 | D:2      | Reached skill level 4 in Unarmed Combat
  1378 | D:2      | Gained mutation: You have sharp toenails. [demonic
                  | ancestry]
  1378 | D:2      | Reached XP level 4. HP: 7/34 MP: 4/4
  1379 | D:2      | Slain by a gnoll

Illustrated notes

Levels and vault maps discovered:
D:1:      eino_arrival_water_star, layout_basic, minmay_stone_trees_small,
          nrook_mini_backslash, minmay_crystal_room
D:2:      layout_loops_cross, serial_rivers, chequers_serial_rivers_room_b,
          chequers_serial_rivers_large_a, chequers_serial_rivers_room_a,
          chequers_serial_rivers_small_3, chequers_serial_rivers_small_3,
          chequers_serial_rivers_small_b, basic_ecumenical_altar, uniq_natasha

Skill      XL: |  1  2  3 |
---------------+----------+-----
Unarmed Combat | 3 4 |  4.0
Fighting       | |  2.9
Throwing       | |  1.7
Dodging        | |  2.6

Action                   |  1- 3 |  4- 6 || total
-------------------------+-------+-------++-------
Melee: Unarmed           |   140 |     1 ||   141
       Punch             |     1 |       ||     1
  Use: Potion            |     2 |       ||     2
Armor: Leather armour    |    50 |       ||    50
Dodge: Dodged            |   113 |     1 ||   114

Table legend: (Time is in decaauts)
 A = Elapsed time spent in this place.
 B = Non-inter-level travel time spent in this place.
 C = Inter-level travel time spent in this place.
 D = Time resting spent in this place.
 E = Time spent auto-exploring this place.
 F = Levels seen in this place.
 G = Mean time per level.
                   A        B        C        D        E       F      G
               +--------+--------+--------+--------+--------+-----+--------+
         Total |   1381 |   1348 |     33 |    186 |    896 |   2 |  690.5 |
       Dungeon |   1381 |   1348 |     33 |    186 |    896 |   2 |  690.5 |
               +--------+--------+--------+--------+--------+-----+--------+

Top non-repeatable levels by time:
     D:2: 693 daAuts
     D:1: 688 daAuts
